 Dungeon Crawl Stone Soup version 0.29.1-15-g9cfb28693d (webtiles) character file.

Game seed: 9476239781486891550

466874 Gabide the Sinner (level 25, -3/217 HPs)
             Began as a Human Monk on Feb 21, 2023.
             Was a Believer of Elyvilon (penitent).
             Killed from afar by a titan (16 damage)
             ... with a bolt of lightning
             ... on level 5 of the Vaults.
             The game lasted 02:31:44 (47957 turns).

Gabide the Sinner (Human Monk)                     Turns: 47957, Time: 02:31:46

Health: -3/217     AC: 15    Str: 14    XL:     25   Next: 82%
Magic:  0/40       EV: 38    Int: 13    God:    Elyvilon [**....]
Gold:   3002       SH:  0    Dex: 32    Spells: 24/24 levels left

rFire   + + +      SeeInvis .   c - +10 arbalest "Killer Klown's Curse" {penet, *Corrode rPois rN+ Will+}
rCold   + + +      Faith    .   (shield currently unavailable)
rNeg    + + +      Spirit   +   a - +2 robe {rC+ rF+}
rPois   +          Reflect  .   s - +2 hat of the Bear Spirit {Spirit, *Rage Will++}
rElec   +          Harm     .   P - +1 cloak of Reasonable Salvation {rElec rC+ rCorr Dex+5}
rCorr   +          Rampage  .   m - +3 pair of gloves of Untold Secrets {rF+ rN+ Str+2}
Will    ++++.      Rage     20% u - +2 pair of boots
Stlth   +++.......              q - amulet of regeneration
HPRegen 1.26/turn               U - ring "Nitihus" {rF+ rC+}
MPRegen 0.27/turn               O - ring of Luats {rC+ rN+ Dex+2 Slay+2}

@: about to teleport, studying 2 skills
A: no striking features
}: 2/15 runes: decaying, serpentine
a: Renounce Religion


You were on level 5 of the Vaults.
You worshipped Elyvilon.
Elyvilon was demanding penance.
You visited 9 branches of the dungeon, and saw 43 of its levels.
You also visited: Trove, Sewer and Bailey.

You collected 7133 gold pieces.
You spent 4131 gold pieces at shops.

Inventory:

Hand Weapons
 c - the +10 arbalest "Killer Klown's Curse" (weapon) {penet, *Corrode rPois rN+ Will+}
   (You bought it in a shop on level 2 of the Orcish Mines)

   Any ammunition fired by it passes through the targets it hits, potentially
   hitting all targets in its path until it reaches maximum range.
   rPois:     It protects you from poison.
   rN:        It protects you from negative energy.
   *Corrode:  It may corrode you when you take damage.
   Will:      It increases your willpower.
Armour
 a - a +2 robe of resistance (worn)
 m - the +3 pair of gloves of Untold Secrets (worn) {rF+ rN+ Str+2}
   (You bought it in a shop on level 4 of the Vaults)

   Str:       It affects your strength (+2).
   rF:        It protects you from fire.
   rN:        It protects you from negative energy.
 s - the +2 hat of the Bear Spirit (worn) {Spirit, *Rage Will++}
   (You found it on level 3 of the Elven Halls)

   Going berserk makes the wearer tougher, and they're slowed less afterward.
   *Rage:     It berserks you when you make melee attacks (+20% chance).
   Will:      It greatly increases your willpower.
 u - a +2 pair of boots (worn)
 P - the +1 cloak of Reasonable Salvation (worn) {rElec rC+ rCorr Dex+5}
   (You bought it in a shop on level 12 of the Dungeon)

   Dex:       It affects your dexterity (+5).
   rC:        It protects you from cold.
   rElec:     It insulates you from electricity.
   rCorr:     It protects you from acid and corrosion.
 X - a +2 helmet of see invisible
Jewellery
 d - an amulet of guardian spirit
 q - an amulet of regeneration (around neck)
 C - a ring of protection from fire
 H - an amulet of faith
 O - the ring of Luats (right hand) {rC+ rN+ Dex+2 Slay+2}
   (You took it off a deep elf demonologist on level 3 of the Elven Halls)

   [ring of protection from cold]

   Dex:       It affects your dexterity (+2).
   Slay:      It affects your accuracy & damage with ranged weapons and melee
   (+2).
   rC:        It protects you from cold.
   rN:        It protects you from negative energy.
 U - the ring "Nitihus" (left hand) {rF+ rC+}
   (You bought it in a shop on level 2 of the Vaults)

   [ring of protection from fire]

   rF:        It protects you from fire.
   rC:        It protects you from cold.
 W - a ring of positive energy
 Y - the ring of Past Mistakes {*Corrode Fly Dex+8 SInv Stlth+}
   (You bought it in a shop on level 4 of the Snake Pit)

   [ring of see invisible]

   Dex:       It affects your dexterity (+8).
   SInv:      It lets you see invisible.
   Fly:       It grants you flight.
   *Corrode:  It may corrode you when you take damage.
   Stlth:     It makes you more stealthy.
Wands
 b - a wand of flame (52)
 p - a wand of charming (44)
 v - a wand of quicksilver (21)
 y - a wand of digging (16)
 J - a wand of iceblast (25)
 L - a wand of polymorph (20)
 Z - a wand of mindburst (28)
Scrolls
 f - 8 scrolls of poison
 h - 7 scrolls of magic mapping
 l - 16 scrolls of teleportation
 o - 11 scrolls of fear
 t - 3 scrolls of immolation
 x - 4 scrolls of butterflies
 D - 6 scrolls of blinking
 E - 6 scrolls of silence
 F - 8 scrolls of amnesia
 M - 2 scrolls of summoning
 Q - 5 scrolls of enchant weapon
 R - 4 scrolls of brand weapon
 T - 12 scrolls of vulnerability
Potions
 e - a potion of brilliance
 g - 15 potions of curing
 i - 11 potions of lignification
 k - 6 potions of cancellation
 n - 7 potions of haste
 r - 15 potions of heal wounds
 z - 5 potions of might
 A - 6 potions of resistance
 B - 3 potions of mutation
 N - a potion of berserk rage
 S - 7 potions of ambrosia
 V - 2 potions of magic
Miscellaneous
 j - a phial of floods
 w - a phantom mirror
 G - a tin of tremorstones (2/2)
 I - a box of beasts


   Skills:
 - Level 22.0 Fighting
 - Level 5.0 Polearms
 + Level 20.7 Ranged Weapons
 + Level 20.8 Dodging
 - Level 2.0 Stealth
 O Level 27 Invocations


You had 24 spell levels left.
You didn't know any spells.
Your spell library contained the following spells:

 Spells                   Type           Power      Damage    Failure   Level
 Freeze                   Ice            0%         1d3       30%         1
 Magic Dart               Conj           0%         1d3       30%         1
 Sandblast                Erth           0%         2d4       30%         1
 Sting                    Tmut/Pois      0%         1d3       30%         1
 Summon Small Mammal      Summ           0%         N/A       30%         1
 Passwall                 Tmut/Erth      0%         N/A       43%         2
 Poisonous Vapours        Pois/Air       0%         N/A       43%         2
 Scorch                   Fire           0%         2d5       43%         2
 Searing Ray              Conj           0%         2d4       43%         2
 Sublimation of Blood     Necr           0%         N/A       43%         2
 Call Canine Familiar     Summ           0%         N/A       67%         3
 Confusing Touch          Hex            0%         N/A       67%         3
 Dazzling Flash           Conj/Hex       0%         N/A       67%         3
 Frozen Ramparts          Ice            0%         1d1       67%         3
 Gell's Gravitas          Tloc           0%         N/A       67%         3
 Lesser Beckoning         Tloc           0%         N/A       67%         3
 Portal Projectile        Hex/Tloc       0%         N/A       67%         3
 Stone Arrow              Conj/Erth      0%         3d7       67%         3
 Summon Guardian Golem    Hex/Summ       0%         N/A       67%         3
 Teleport Other           Tloc           0%         N/A       67%         3
 Tukima's Dance           Hex            0%         N/A       67%         3
 Anguish                  Hex/Necr       0%         N/A       97%         4
 Animate Armour           Summ/Erth      0%         N/A       97%         4
 Cause Fear               Hex            0%         N/A       97%         4
 Flame Wave               Conj/Fire      0%         2d4       97%         4
 Fulminant Prism          Conj/Hex       0%         3d6       97%         4
 Hailstorm                Conj/Ice       0%         3d3       97%         4
 Ice Form                 Ice/Tmut       0%         N/A       97%         4
 Leda's Liquefaction      Hex/Erth       0%         N/A       97%         4
 Olgreb's Toxic Radiance  Pois           0%         N/A       97%         4
 Passage of Golubria      Tloc           0%         N/A       97%         4
 Petrify                  Tmut/Erth      0%         N/A       97%         4
 Summon Ice Beast         Ice/Summ       0%         N/A       97%         4
 Fireball                 Conj/Fire      0%         3d3       100%        5
 Irradiate                Conj/Tmut      0%         3d11      100%        5
 Iskenderun's Battlesphe  Conj           0%         2d6       100%        5
 Silence                  Hex/Air        0%         N/A       100%        5
 Summon Mana Viper        Hex/Summ       0%         N/A       100%        5
 Yara's Violent Unravell  Hex/Tmut       0%         3d3       100%        5
 Conjure Ball Lightning   Conj/Air       0%         3x3d6     100%        6
 Iron Shot                Conj/Erth      0%         9d1       100%        6
 Summon Cactus Giant      Summ           0%         N/A       100%        6
 Dragon Form              Tmut           0%         N/A       100%        7
 Enfeeble                 Hex            0%         N/A       100%        7
 Haunt                    Necr/Summ      0%         N/A       100%        7
 Monstrous Menagerie      Summ           0%         N/A       100%        7
 Orb of Destruction       Conj           0%         9d5       100%        7
 Lehudib's Crystal Spear  Conj/Erth      0%         10d2      100%        8
 Dragon's Call            Summ           0%         N/A       100%        9


Dungeon Overview and Level Annotations

Branches:
Dungeon (15/15)            Temple (1/1) D:7            Lair (5/5) D:11
  Swamp (4/4) Lair:3        Snake (4/4) Lair:2        Slime (0/5) Lair:4
    Orc (2/2) D:10            Elf (3/3) Orc:2        Vaults (5/5) D:14
  Crypt (0/3) Vaults:3     Depths (4/4) D:15            Zot (0/5) Depths:4
  Sewer (visited)          Bailey (visited)

Altars:
Ashenzari
Cheibriados
Dithmenos
Elyvilon
Fedhas
Gozag
Hepliaklqana
Kikubaaqudgha
Makhleb
Nemelex Xobeh
Okawaru
Qazlal
Ru
Sif Muna
Trog
Uskayaw
Vehumet
Wu Jian
Xom
Yredelemnul
Zin
The Shining One
Jiyva
Lugonu

Shops:
D:3 [   D:5 (   D:12 [   D:14 =   D:15 [   Orc:1 ?   Orc:2 =([*   Snake:2 *
Snake:4 ==:   Vaults:2 *=:   Vaults:4 [   Depths:1 [

Portals:
Hell: Depths:1 Depths:2 Depths:3 Depths:4
Abyss: Depths:2 Depths:3 Depths:4
Pandemonium: Depths:2 Depths:4
Ziggurat: Depths:3

Annotations:
D:9 2 transporters
Lair:3 2 transporters, Necvyfoes's ghost, journeyman FoEE
Lair:5 3 runed translucent doors, Voland's ghost, journeyman TeAE


Message History

The storm dragon no longer looks unusually strong.
The entropy weaver completely misses you.
The entropy weaver misses you.
The entropy weaver completely misses you.
The entropy weaver closely misses you.
The deep elf death mage beckons forth a restless soul!
The ironbound preserver gestures wildly while chanting.
The ironbound preserver begins to accept its allies' injuries.
The titan hits you!!
* * * LOW HITPOINT WARNING * * *
The ironbound convoker gestures at the ironbound convoker while chanting.
The ironbound convoker seems to grow stronger.
A stone giant comes into view.
The ironbound convoker gestures at something while chanting.
The tentacled monstrosity tentacle-slaps you!
* * * LOW HITPOINT WARNING * * *
The tentacled monstrosity tentacle-slaps you!
* * * LOW HITPOINT WARNING * * *
The tentacled monstrosity completely misses you.
The tentacled monstrosity grabs you.
The tentacled monstrosity constricts you!
* * * LOW HITPOINT WARNING * * *
The tentacled monstrosity closely misses you.
The tentacled monstrosity tentacle-slaps you.
* * * LOW HITPOINT WARNING * * *
The tentacled monstrosity completely misses you.
The entropy weaver misses you.
The entropy weaver completely misses you. x3
Okay, then.
Blink to where?
Press: ? - help, Dir - move target You escape the tentacled monstrosity's grasp.
As you read the scroll of blinking, it crumbles to dust.
You feel much better.
The titan seems less brilliant.
The titan waves its arms in wide circles.
The air twists around and strikes you!!
* * * LOW HITPOINT WARNING * * *
The titan casts a spell at you. The bolt of lightning hits you! You resist.
You die...

.........e.O.#
......#....#9.#
####(.#....#
... #..#....#
.# #..#....#
#..#....# #
#....# # #....#
#@...#
#....#...
#....#...
#..?^#..O
#C...#...
#BCX.##..
#.X..##.. ..
#XO..##..## .
#....##...#
....


You could see 3 tentacled monstrosities, 2 titans, an entropy weaver (sheltered)
and an ogre mage (sheltered).

Vanquished Creatures
  Mara (Snake:4)
  A juggernaut (Depths:3)
  Vashnia (Snake:4)
  5 golden dragons
  6 tentacled monstrosities
  5 liches
  2 deep elf blademasters (Elf:3)
  2 quicksilver dragons (Depths:4)
  3 deep elf master archers (Elf:3)
  A sphinx (Vaults:4)
  Kirke (Snake:1)
  4 shadow dragons (Depths:4)
  A tengu reaver (Depths:3)
  3 storm dragons
  A fenstrider witch (shapeshifter) (Vaults:4)
  An azure jelly (shapeshifter) (Vaults:4)
  6 nagarajas
  9 deep elf sorcerers
  18 vault wardens
  7 frost giants
  5 draconian monks (Depths:4)
  3 fire giants
  3 iron dragons
  The ghost of swinepaste the Fencer, a journeyman DsMo of Wu Jian (Swamp:3)
  Aizul (Snake:1)
  2 draconian annihilators (Depths:4)
  A draconian stormcaller (Depths:4)
  3 orc warlords
  A spriggan defender (Depths:2)
  19 very ugly things
  17 ironbound preservers
  6 deep elf elementalists (Elf:3)
  A war gargoyle (Vaults:4)
  12 ironbound thunderhulks
  9 green draconians (Depths:4)
  6 black draconians (Depths:4)
  2 vampire knights
  4 dire elephants (Vaults:3)
  10 stone giants
  9 deep elf annihilators
  2 eleionomae (Swamp:3)
  5 white draconians (Depths:4)
  8 deep elf demonologists (Elf:3)
  4 bunyips
  4 red draconians (Depths:4)
  2 entropy weavers (Lair:3)
  5 spark wasps
  7 purple draconians (Depths:4)
  Azrael (Orc:2)
  5 deep elf death magi
  4 ettins
  A crystal guardian (Vaults:3)
  7 fire dragons
  A merfolk javelineer (Depths:1)
  2 merfolk impalers
  2 jiangshi (Depths:3)
  6 great orbs of eyes
  6 salamander tyrants
  A shambling mangrove (Swamp:4)
  6 yaktaur captains
  16 hydras
  2 peacekeepers
  3 rakshasas
  9 ice dragons
  35 vault guards
  A hydra (shapeshifter) (Depths:2)
  9 deep elf high priests
  5 boulder beetles
  11 anacondas
  A catoblepas (Lair:4)
  14 ironbound frosthearts
  14 centaur warriors
  4 spriggan air magi
  4 ghost crabs
  12 naga warriors
  An anaconda (shapeshifter) (Depths:2)
  A death knight (D:14)
  4 two-headed ogres
  33 dancing weapons
  13 alligators
  7 tengu warriors
  3 deep troll shamans
  2 vampire magi
  A death yak (Lair:3)
  An orc high priest (Orc:2)
  6 spriggan berserkers
  Nergalle (Orc:2)
  7 shock serpents
  9 hell knights (Depths:2)
  3 deep troll earth magi
  12 naga sharpshooters
  16 deep elf knights
  2 fire crabs (Lair:3)
  An iron troll (Depths:4)
  8 goliath frogs
  Lodul (D:12)
  9 salamander mystics
  7 skeletal warriors
  4 naga ritualists
  3 spriggan druids
  A sea snake (shapeshifter) (Elf:2)
  2 glowing orange brains
  8 lindwurms (Vaults:1)
  A flayed ghost (Depths:3)
  12 swamp dragons
  4 wizards
  6 bog bodies
  51 deep trolls
  17 ironbound convokers
  An orange crystal statue (D:12)
  A phantasmal warrior (D:14)
  11 deep elf archers
  A death drake (Depths:4)
  2 necromancers (Vaults:3)
  6 harpies
  A lindwurm (shapeshifter) (D:15)
  29 deep elf pyromancers
  3 mana vipers
  20 deep elf zephyrmancers
  3 oklob plants
  51 ugly things
  24 salamanders
  7 orc knights
  A manticore (shapeshifter) (Depths:3)
  4 will-o-the-wisps
  4 orc sorcerers
  2 elephants (shapeshifter)
  12 elephants
  6 cyclopes
  A guardian serpent (shapeshifter) (Elf:1)
  4 manticores
  11 naga magi
  22 black mambas
  2 guardian serpents (Snake:4)
  20 vault sentinels
  3 gargoyles
  10 cane toads
  A spectral spriggan (Swamp:2)
  An elf skeleton (Vaults:3)
  A yaktaur (shapeshifter) (D:13)
  38 yaktaurs
  7 tengu conjurers
  Psyche (D:9)
  7 komodo dragons
  2 rime drakes
  8 trolls
  3 meliai (D:15)
  6 tyrant leeches
  A wolf spider simulacrum (D:15)
  6 bloated husks
  9 polar bears
  9 hornets
  A hornet (shapeshifter) (Elf:1)
  31 slime creatures
  3 blink frogs (Lair:1)
  8 dream sheep (Lair:5)
  A stone giant simulacrum (Vaults:3)
  A human simulacrum (Vaults:3)
  14 spriggans
  3 shadows
  An air elemental (Elf:3)
  5 wyverns
  9 water elementals
  4 wraiths
  4 vampires
  2 hogs (Snake:1)
  4 basilisks
  62 yaks
  5 steam dragons
  Grum (D:9)
  7 fire elementals
  22 vampire mosquitoes
  Edmund (D:5)
  4 acid dragons
  34 nagas
  19 swamp worms
  A glowing shapeshifter zombie (Vaults:3)
  9 water moccasins
  3 wargs
  2 floating eyes
  A hell hound (Orc:2)
  11 swamp drakes
  4 black bears
  32 orc warriors
  13 ogres
  8 boggarts
  29 wolves
  5 centaurs
  A phantom (D:5)
  3 kobold brigands
  17 bullfrogs
  4 scorpions
  2 necrophages
  2 water moccasin zombies (D:6)
  An earth elemental (Elf:2)
  12 wights
  A killer bee (D:9)
  8 vampire bats (Bailey)
  An electric eel (Lair:3)
  5 howler monkeys (D:9)
  5 wolf zombies (Bailey)
  A lava snake (Snake:1)
  2 bullfrog zombies (D:6)
  2 centaur zombies (D:6)
  An iron imp (D:4)
  3 hounds
  3 jellies
  Crazy Yiuf (D:7)
  16 orc priests
  2 gnoll boudas
  Terence (D:3)
  30 orc wizards
  5 iguanas
  A howler monkey zombie (D:6)
  8 gnolls
  A river rat (D:3)
  12 adders
  2 shadow imps
  4 ufetubi
  3 worms
  3 dart slugs
  59 orcs
  12 ball pythons
  10 bats
  13 endoplasms
  11 giant cockroaches
  7 goblins
  7 hobgoblins
  5 jackals
  28 kobolds
  13 quokkas
  22 frilled lizards
  17 orc zombies (Bailey)
  6 rats
1768 creatures vanquished.

Vanquished Creatures (others)
  A frost giant (Depths:3)
  2 entropy weavers (Lair:3)
  A hydra (Swamp:3)
  A death knight (D:14)
  4 alligators
  A fire crab (Lair:3)
  A death drake (Swamp:2)
  A goliath frog (Swamp:2)
  A deep troll (Vaults:4)
  A necromancer (D:14)
  An orc sorcerer (Depths:4)
  A yaktaur (Vaults:4)
  A freezing wraith (D:14)
  A tyrant leech (Swamp:2)
  A black bear (Lair:5)
  A boggart (Lair:5)
  A wolf (Lair:5)
  An orc (Depths:4)
  11 foxfires
  8 fungi
  31 plants
  4 withered plants (D:7)
76 creatures vanquished.

Grand Total: 1844 creatures vanquished

Notes
Turn   | Place    | Note
-------+----------+-------------------------------------------
     0 | D:1      | Gabide the Human Monk began the quest for the Orb.
     0 | D:1      | Reached XP level 1. HP: 18/18 MP: 1/1
    91 | D:1      | Reached XP level 2. HP: 24/24 MP: 2/2
   203 | D:1      | Reached XP level 3. HP: 18/29 MP: 3/3
  1128 | D:2      | Reached XP level 4. HP: 36/36 MP: 4/4
  1266 | D:2      | Found a faded altar of an unknown god.
  1729 | D:3      | Found a glowing drain.
  1790 | Sewer    | Entered a sewer
  2113 | Sewer    | Reached XP level 5. HP: 21/42 MP: 5/5
  2693 | Sewer    | Noticed a bullfrog
  2693 | Sewer    | Noticed a bullfrog
  2710 | Sewer    | Killed a bullfrog
  2711 | Sewer    | Reached XP level 6. HP: 19/49 MP: 3/6
  3226 | D:3      | Found Gihom's Antique Armour Boutique.
  3914 | D:3      | Noticed Terence
  3944 | D:3      | Killed Terence
  4299 | D:4      | Reached XP level 7. HP: 55/55 MP: 7/7
  4318 | D:4      | Reached skill level 5 in Fighting
  4318 | D:4      | Reached skill level 5 in Polearms
  4318 | D:4      | Reached skill level 5 in Dodging
  4318 | D:4      | Reached skill level 1 in Ranged Weapons
  4584 | D:4      | Found a snail-covered altar of Cheibriados.
  5374 | D:5      | Entered Level 5 of the Dungeon
  6005 | D:5      | Reached XP level 8. HP: 62/62 MP: 8/8
  6081 | D:5      | Reached skill level 5 in Ranged Weapons
  6672 | D:5      | Found Woosuwosh's Weapon Shoppe.
  7065 | D:6      | Noticed Edmund
  7126 | D:5      | Killed Edmund
  7258 | D:6      | Reached XP level 9. HP: 23/69 MP: 9/9
  7605 | D:6      | Found a glowing silver altar of Zin.
  7797 | D:6      | Found a basalt altar of Yredelemnul.
  8132 | D:7      | Found an ancient bone altar of Kikubaaqudgha.
  8170 | D:7      | Found a hazy altar of Hepliaklqana.
  8281 | D:7      | Found a staircase to the Ecumenical Temple.
  8292 | Temple   | Entered the Ecumenical Temple
  8296 | Temple   | Became a worshipper of Elyvilon the Healer
  8296 | Temple   | Reached * piety under Elyvilon
  8296 | Temple   | Reached ** piety under Elyvilon
  8565 | D:7      | Found an opulent altar of Gozag.
  8659 | D:7      | Found a runed translucent door.
  8660 | D:7      | Noticed Crazy Yiuf
  8880 | D:7      | Killed Crazy Yiuf
  8964 | D:8      | Reached XP level 10. HP: 64/79 MP: 10/10
  9217 | D:8      | Noticed a two-headed ogre
  9273 | D:8      | Killed a two-headed ogre
  9280 | D:8      | Found a flagged portal.
  9291 | Bailey   | Entered a bailey
  9316 | Bailey   | Reached *** piety under Elyvilon
  9384 | Bailey   | Noticed a gargoyle
  9390 | Bailey   | Killed a gargoyle
  9758 | D:8      | Found a sparkling altar of Nemelex Xobeh.
  9962 | D:9      | Noticed Grum
  9969 | D:9      | Killed Grum
  9988 | D:9      | Reached XP level 11. HP: 89/89 MP: 11/11
 10005 | D:9      | Noticed a two-headed ogre
 10019 | D:9      | Killed a two-headed ogre
 10066 | D:9      | Noticed Psyche
 10077 | D:9      | Killed Psyche
 10086 | D:9      | Noticed a two-headed ogre
 10093 | D:9      | Killed a two-headed ogre
 10148 | D:9      | Reached skill level 10 in Fighting
 10148 | D:9      | Reached skill level 10 in Ranged Weapons
 10154 | D:9      | Reached skill level 10 in Dodging
 10213 | D:9      | Found a blossoming altar of Fedhas.
 10213 | D:9      | Found a shimmering blue altar of Sif Muna.
 10380 | D:9      | Found a transporter.
 10396 | D:9      | Noticed a cyan ugly thing
 10397 | D:9      | Found a corrupted altar of Lugonu.
 10397 | D:9      | Noticed a red ugly thing
 10397 | D:9      | Noticed a green ugly thing
 10530 | D:9      | Reached **** piety under Elyvilon
 10568 | D:9      | Found a transporter.
 10597 | D:10     | Entered Level 10 of the Dungeon
 10672 | D:10     | Reached skill level 1 in Invocations
 10720 | D:10     | Found a hide-covered altar of Uskayaw.
 10731 | D:10     | Found a staircase to the Orcish Mines.
 10951 | D:10     | Reached skill level 2 in Invocations
 11000 | D:10     | Reached skill level 3 in Invocations
 11173 | D:10     | Reached XP level 12. HP: 98/98 MP: 14/14
 11398 | D:11     | Noticed a two-headed ogre
 11406 | D:11     | Killed a two-headed ogre
 11407 | D:11     | Reached skill level 4 in Invocations
 11582 | D:11     | Found a staircase to the Lair.
 11932 | D:11     | Reached skill level 5 in Invocations
 12027 | D:11     | Reached ***** piety under Elyvilon
 12384 | Lair:1   | Entered Level 1 of the Lair of Beasts
 12389 | Lair:1   | Noticed a boulder beetle
 12524 | D:11     | Killed a boulder beetle
 12525 | D:11     | Reached skill level 6 in Invocations
 12709 | Lair:1   | Reached skill level 7 in Invocations
 12895 | Lair:1   | Reached XP level 13. HP: 86/106 MP: 18/18
 13186 | Lair:1   | Found a shimmering altar of Xom.
 13417 | Lair:2   | Reached skill level 8 in Invocations
 13615 | Lair:2   | Found a staircase to the Snake Pit.
 13967 | Lair:2   | Reached skill level 9 in Invocations
 14405 | Lair:3   | Found a runed translucent door.
 14405 | Lair:3   | Noticed a seven-headed hydra
 14410 | Lair:3   | Pacified a seven-headed hydra
 14485 | Lair:3   | Noticed Necvyfoes's ghost (journeyman FoEE)
 14507 | Lair:3   | Found a transporter.
 14703 | Lair:3   | Found a transporter.
 14917 | Lair:3   | Reached ****** piety under Elyvilon
 14918 | Lair:3   | Found a staircase to the Swamp.
 15061 | Lair:3   | Reached skill level 10 in Invocations
 15119 | Lair:3   | Noticed an entropy weaver
 15130 | Lair:3   | Killed an entropy weaver
 15196 | Lair:3   | Killed an entropy weaver
 15563 | Lair:3   | Noticed an entropy weaver
 15570 | Lair:3   | Killed an entropy weaver
 15580 | Lair:3   | Noticed a ghost crab
 15581 | Lair:3   | Pacified a ghost crab
 15582 | Lair:3   | Reached XP level 14. HP: 105/115 MP: 18/21
 15976 | Lair:3   | Noticed an entropy weaver
 15989 | Lair:3   | Killed an entropy weaver
 15990 | Lair:3   | Reached skill level 11 in Invocations
 16575 | Lair:4   | Identified the +6 dagger of Defiance {speed, rElec Will-
                  | Dex+7}
 17147 | Lair:4   | Reached skill level 12 in Invocations
 17225 | Lair:4   | Found a staircase to the Slime Pits.
 17556 | Lair:5   | Entered Level 5 of the Lair of Beasts
 17634 | Lair:5   | Found a runed translucent gate.
 17634 | Lair:5   | Found a runed translucent gate.
 17652 | Lair:5   | Found a runed translucent gate.
 17653 | Lair:5   | Noticed an azure jelly
 17653 | Lair:5   | Noticed an azure jelly
 17659 | Lair:5   | Noticed an acid blob
 17659 | Lair:5   | Noticed an acid blob
 17659 | Lair:5   | Noticed an acid blob
 17659 | Lair:5   | Noticed an azure jelly
 17659 | Lair:5   | Noticed an acid blob
 17660 | Lair:5   | Noticed Voland's ghost (journeyman TeAE)
 17660 | Lair:5   | Noticed a rockslime
 17661 | Lair:5   | Noticed an acid blob
 17663 | Lair:5   | Found a viscous altar of Jiyva.
 18023 | Lair:5   | Reached XP level 15. HP: 119/123 MP: 24/24
 18178 | Lair:5   | Reached skill level 13 in Invocations
 18195 | Lair:5   | Identified the +10 quarterstaff of the Last Spirits {drain,
                  | Int+2 Stlth+}
 19169 | D:12     | Identified the +7 glaive of the Crafting Gods {vorpal, rC+
                  | Will+ MP-9 Str+3}
 19489 | D:12     | Found Koseid's Antique Armour Shop.
 19522 | D:12     | Bought a steaming cloak for 304 gold pieces
 19522 | D:12     | Identified the +1 cloak of Reasonable Salvation {rElec rC+
                  | rCorr Dex+5} (You bought it in a shop on level 12 of the
                  | Dungeon)
 19535 | D:12     | Bought a heavily runed leather armour for 224 gold pieces
 19535 | D:12     | Identified the +1 leather armour of Panentheism {+Inv} (You
                  | bought it in a shop on level 12 of the Dungeon)
 19557 | D:12     | Found a shadowy altar of Dithmenos.
 19819 | D:12     | Noticed Lodul
 19826 | D:12     | Killed Lodul
 20189 | D:12     | Found a portal to a secret trove of treasure.
 20248 | D:12     | Reached skill level 14 in Invocations
 21222 | D:14     | Reached XP level 16. HP: 132/132 MP: 27/27
 21311 | D:14     | Reached skill level 15 in Invocations
 21582 | D:14     | Found Mewno's Jewellery Shoppe.
 21614 | D:14     | Found a gate to the Vaults.
 21716 | D:15     | Entered Level 15 of the Dungeon
 21867 | D:15     | Found a stormy altar of Qazlal.
 22213 | D:15     | Found Peomoh's Antique Armour Boutique.
 22588 | D:15     | Found a glowing golden altar of the Shining One.
 22588 | D:15     | Found a glowing silver altar of Zin.
 22588 | D:15     | Found a white marble altar of Elyvilon.
 22719 | D:15     | Found a staircase to the Depths.
 22887 | Orc:1    | Entered Level 1 of the Orcish Mines
 22958 | Orc:1    | Reached skill level 16 in Invocations
 23180 | Orc:1    | Found Qamnelou's Magic Scroll Boutique.
 23188 | Orc:1    | Bought a scroll of identify for 22 gold pieces
 23188 | Orc:1    | Bought a scroll of enchant weapon for 82 gold pieces
 23188 | Orc:1    | Bought a scroll of enchant armour for 82 gold pieces
 23188 | Orc:1    | Bought a scroll of identify for 22 gold pieces
 23188 | Orc:1    | Bought a scroll of identify for 22 gold pieces
 23188 | Orc:1    | Bought a scroll of vulnerability for 44 gold pieces
 23188 | Orc:1    | Bought a scroll of identify for 22 gold pieces
 23343 | Orc:2    | Entered Level 2 of the Orcish Mines
 23738 | Orc:2    | Noticed Nergalle
 23745 | Orc:2    | Killed Nergalle
 23771 | Orc:2    | Found a staircase to the Elven Halls.
 23791 | Orc:2    | Found a bloodstained altar of Trog.
 23847 | Orc:2    | Noticed Azrael
 23855 | Orc:2    | Killed Azrael
 23910 | Orc:2    | Reached XP level 17. HP: 140/140 MP: 29/29
 23939 | Orc:2    | Found Wuph's Antique Weapon Boutique.
 23948 | Orc:2    | Bought an ancient arbalest for 247 gold pieces
 23948 | Orc:2    | Identified the +10 arbalest "Killer Klown's Curse" {penet,
                  | *Corrode rPois rN+ Will+} (You bought it in a shop on level
                  | 2 of the Orcish Mines)
 23975 | Orc:2    | Found Oklih's General Store.
 23981 | Orc:2    | Bought a scroll of identify for 30 gold pieces
 23992 | Orc:2    | Found Jutu's Antique Armour Boutique.
 24008 | Orc:2    | Found Zolerak's Jewellery Boutique.
 24015 | Orc:2    | Bought a +6 ring of dexterity for 432 gold pieces
 24504 | Swamp:1  | Entered Level 1 of the Swamp
 24562 | Swamp:1  | You fall into a shaft and drop 1 floor!
 25251 | Swamp:1  | Reached skill level 17 in Invocations
 25468 | Swamp:3  | Reached skill level 15 in Fighting
 25468 | Swamp:3  | Reached skill level 15 in Dodging
 25553 | Swamp:3  | Reached skill level 15 in Ranged Weapons
 25654 | Swamp:3  | Found a runed translucent door.
 25676 | Swamp:3  | Found a shimmering altar of Xom.
 25676 | Swamp:3  | Noticed swinepaste's ghost (journeyman DsMo)
 25676 | Swamp:3  | Identified the +7 demon trident "Dragon's Tongue" {chaos,
                  | rPois Dex+3}
 26233 | Swamp:3  | Killed swinepaste's ghost
 26331 | Swamp:4  | Entered Level 4 of the Swamp
 26649 | Swamp:4  | Noticed the 27-headed Lernaean hydra
 26684 | Swamp:4  | Pacified the 27-headed Lernaean hydra
 26685 | Swamp:4  | Reached XP level 18. HP: 149/149 MP: 27/30
 26692 | Swamp:4  | Reached skill level 18 in Invocations
 26900 | Swamp:4  | Got a decaying rune of Zot
 27398 | Snake:1  | Entered Level 1 of the Snake Pit
 27400 | Snake:1  | Noticed Kirke
 27409 | Snake:1  | Killed Kirke
 27567 | Snake:1  | Noticed Aizul
 27578 | Snake:1  | Killed Aizul
 27965 | Snake:1  | Identified the +10 plate armour "Gievy" {rCorr SInv}
 28501 | Snake:2  | You fall into a shaft and drop 1 floor!
 28918 | Snake:2  | Reached skill level 19 in Invocations
 29198 | Snake:2  | Noticed a tentacled monstrosity
 29207 | Snake:2  | Killed a tentacled monstrosity
 29208 | Snake:2  | Reached XP level 19. HP: 141/157 MP: 32/32
 30023 | Snake:2  | Found Aqixar's General Store.
 30153 | Snake:2  | Bought a wand of digging (6) for 302 gold pieces
 30309 | Snake:2  | Noticed a tentacled monstrosity
 30311 | Snake:2  | Killed a tentacled monstrosity
 30597 | Snake:3  | Found the +14 obsidian axe {vorpal, Mesm Drain Fly SInv}
 31088 | Snake:4  | Entered Level 4 of the Snake Pit
 31254 | Snake:4  | Noticed Mara
 31264 | Snake:4  | Killed Mara
 31361 | Snake:4  | Found Ymemaebi's Jewellery Shoppe.
 31362 | Snake:4  | Found Byoc's Book Shop.
 31364 | Snake:4  | Found Sihyint's Jewellery Shoppe.
 31374 | Snake:4  | Bought the ring of Past Mistakes {*Corrode Fly Dex+8 SInv
                  | Stlth+} for 609 gold pieces
 31479 | Snake:4  | Found a basalt altar of Yredelemnul.
 31559 | Snake:4  | Reached skill level 20 in Invocations
 31976 | Snake:4  | Noticed Vashnia
 32008 | Snake:4  | Killed Vashnia
 32095 | Snake:4  | Got a serpentine rune of Zot
 32422 | Vaults:1 | Entered Level 1 of the Vaults
 32532 | Vaults:1 | Reached XP level 20. HP: 129/167 MP: 34/34
 32929 | Vaults:1 | Reached skill level 21 in Invocations
 34503 | Vaults:2 | Found Deneakk's Jewellery Emporium.
 34513 | Vaults:2 | Bought the ring "Nitihus" {rF+ rC+} for 741 gold pieces
 34566 | Vaults:2 | Found Zutuecri's Book Emporium.
 34763 | Vaults:2 | Reached XP level 21. HP: 173/175 MP: 35/35
 34895 | Vaults:2 | Found Ehuoxesmol's General Store.
 35230 | Depths:1 | Entered Level 1 of the Depths
 35230 | Depths:1 | Found Byxoet's Antique Armour Shoppe.
 35435 | Depths:1 | Found a blossoming altar of Fedhas.
 35532 | Depths:1 | Reached skill level 22 in Invocations
 35634 | Depths:1 | Found a gateway to Hell.
 36165 | Depths:2 | Found a one-way gate leading to the halls of Pandemonium.
 36188 | Depths:2 | Found a one-way gate to the infinite horrors of the Abyss.
 36582 | Depths:2 | HP: 12/246 [hell knight/+2 war axe of flaming (2)]
 37074 | Depths:3 | Noticed a juggernaut
 37080 | Depths:3 | Killed a juggernaut
 37282 | Depths:3 | Found a one-way gateway to a ziggurat.
 37282 | Depths:3 | Noticed a dread lich
 37283 | Depths:3 | Noticed a Brimstone Fiend
 37385 | Depths:3 | Pacified a dread lich
 37386 | Depths:3 | Reached XP level 22. HP: 184/184 MP: 34/37
 37511 | Depths:3 | Reached skill level 23 in Invocations
 37570 | Depths:3 | Noticed a golden dragon
 37577 | Depths:3 | Killed a golden dragon
 37612 | Depths:3 | Noticed a golden dragon
 37622 | Depths:3 | Killed a golden dragon
 37990 | Depths:3 | Identified a scroll of acquirement
 37991 | Depths:3 | Acquired 1109 gold pieces
 38261 | D:12     | You paid a toll of +3 gold dragon scales to enter a
                  | treasure trove
 38262 | Trove    | Entered a treasure trove
 39123 | Vaults:3 | Found a staircase to the Crypt.
 39123 | Vaults:3 | Found a basalt altar of Yredelemnul.
 39123 | Vaults:3 | Found an ancient bone altar of Kikubaaqudgha.
 39533 | Vaults:3 | Reached skill level 24 in Invocations
 39762 | Vaults:4 | Reached XP level 23. HP: 142/281 MP: 54/56
 41010 | Vaults:4 | Found Zireis's Armour Boutique.
 41017 | Vaults:4 | Bought the +3 pair of gloves of Untold Secrets {rF+ rN+
                  | Str+2} for 796 gold pieces
 41433 | Depths:4 | Entered Level 4 of the Depths
 41441 | Depths:4 | Noticed a golden dragon
 41451 | Depths:4 | Killed a golden dragon
 41456 | Depths:4 | Noticed Saint Roka
 41458 | Depths:4 | Pacified Saint Roka
 41605 | Depths:4 | Noticed Jory
 41621 | Depths:4 | Pacified Jory
 41909 | Depths:4 | Noticed a golden dragon
 41927 | Depths:4 | Killed a golden dragon
 41936 | Depths:4 | Reached skill level 25 in Invocations
 41961 | Depths:4 | Identified the +7 mace of the Ageing Coward {freeze, rN+}
 41962 | Depths:4 | Noticed a golden dragon
 42146 | Depths:4 | Reached XP level 24. HP: 181/205 MP: 39/39
 42476 | Depths:4 | Found a shimmering blue altar of Sif Muna.
 42886 | Depths:4 | Killed a golden dragon
 42957 | Depths:4 | Found a gate to the Realm of Zot.
 43471 | D:3      | Bought a glowing helmet for 150 gold pieces
 43740 | Elf:1    | Entered Level 1 of the Elven Halls
 44164 | Elf:1    | Got the Directory of Gathered Damage Dealing
 44469 | Elf:2    | Reached skill level 26 in Invocations
 44890 | Elf:2    | Found a runed translucent gate.
 44891 | Elf:2    | Found a runed translucent gate.
 44891 | Elf:2    | Found a runed translucent gate.
 45084 | Elf:2    | Reached XP level 25. HP: 216/216 MP: 40/40
 45277 | Elf:3    | Entered Level 3 of the Elven Halls
 46140 | Elf:3    | Found a bloodstained altar of Trog.
 46190 | Elf:3    | Found the amulet of the Air {Inacc Air Fly rElec RMsl}
 46210 | Elf:3    | Identified the +4 spear "Recill" {elec, Stlth+}
 46270 | Elf:3    | Identified the ring of Luats {rC+ rN+ Dex+2 Slay+2}
 46453 | Elf:3    | Identified the ring of the Shrinking Saviour {Fire Fly
                  | Str+6 Int+3}
 46663 | Elf:3    | Identified the +3 quarterstaff "Wogh" {vorpal, +Blink rCorr
                  | Str-2 Int+2}
 46701 | Elf:3    | Found the +2 hat of the Bear Spirit {Spirit, *Rage Will++}
 46712 | Elf:3    | Got Kevis's Compilation of Allied Battling
 46716 | Elf:3    | Identified the +7 arbalest of Gabide's Peril {vorpal,
                  | Str+5}
 46794 | Elf:3    | Identified the amulet of Jealousy {Faith Rampage rC+}
 46886 | Elf:3    | Identified the +10 plate armour of Serendipity {rC+ Int+3
                  | Stlth+}
 47842 | Vaults:5 | Entered Level 5 of the Vaults
 47846 | Vaults:5 | Was placed under penance by Elyvilon
 47848 | Vaults:5 | Reached skill level 27 in Invocations
 47955 | Vaults:5 | HP: 10/217 [tentacled monstrosity (11)]
 47955 | Vaults:5 | HP: 3/217 [constriction (7)]
 47957 | Vaults:5 | Killed from afar by a titan

Illustrated notes

Levels and vault maps discovered:
D:1:      minmay_arrival_checkered_box, layout_rooms
D:2:      minmay_razor_zed, layout_loops_ring, basic_ecumenical_altar,
          minmay_tetromino_i2
D:3:      layout_basic, cheibrodos_sewer_entry_sluice, serial_shops,
          nicolae_shop_advertising_works [nicolae_subvault_shop_adworks],
          minmay_misc_feat_plants, minivault_24, minmay_misc_feat_square,
          hangedman_decor_lopped, uniq_terence
D:4:      kb_forest_paths, layout_loops_ring, slow_altar_2, minmay_crystal_room
D:5:      layout_layer_cave, serial_shops, shop, minmay_diced_spiral
D:6:      layout_rooms, nicolae_yredelemnul_corpse_copse, zin_statuary,
          uniq_edmund
D:7:      layout_loops_ring, mainiacjoe_overflow_brackets,
          kiku_gazebo_garden_becter, mainiacjoe_overflow_boulevard,
          minmay_temple_entry_proselytizer, uniq_crazy_yiuf_cottage
D:8:      layout_rooms, nemelex_spade_bored_becter, enter_bailey_2
D:9:      gammafunk_corrupted_shrine, layout_cave_pools, jmf_multi_god_temple,
          onia_ninara_cookie, uniq_psyche, uniq_grum
D:10:     layout_basic, nicolae_uskayaw_suspiria, orc_0_dummy,
          eino_small_chamber_without_monster, nzn_life_drinkers
D:11:     layout_loops_corners, grunt_lair_entry_orc_guard_hut, minivault_21
D:12:     layout_loops_ring, enter_trove_5, serial_shops, shop, minivault_16,
          nicolae_dithmenos_the_darkroom, uniq_lodul
D:13:     layout_loops_ring
D:14:     layout_cave_pools, david_vaults_5, dreamdust_mushroom_princess,
          serial_shops, nicolae_stop_n_shop_1, minmay_holes
D:15:     gammafunk_enter_depths_forms, layout_long_grid, serial_shops, shop,
          good_gods_mini_temple, nicolae_qazlal_eye_of_the_storm
Temple:   nicolae_temple_x_marks_the_god
Lair:1:   layout_regular_city, lemuel_centaur_altar
Lair:2:   layout_roguey, minmay_snake_entry_guardpost_medium
Lair:3:   gammafunk_mikee_crab_dinner, layout_hall_layers,
          nicolae_swamp_entry_splash_gauntlet, gammafunk_ghost_hive
Lair:4:   layout_hall_layers, minmay_slime_entry_oklob_open,
          nicolae_lair_yak_garden
Lair:5:   minmay_lair_end_enchanted_forest, layout_cave_shapes,
          gammafunk_ghost_ooze
Swamp:1:  layout_falls_marsh, evilmike_swamp_ruin_house_2, roderic_carrion_pond
Swamp:2:  nicolae_swamp_flooded_prison, layout_basic_swamp,
          evilmike_swamp_ruin_house_3, infiniplex_staircase_pool
Swamp:3:  layout_basic_swamp, ebering_ghost_xom, evilmike_swamp_ruin_wall
Swamp:4:  swamp_old_school, layout_basic_swamp
Snake:1:  layout_cave_pods, nicolae_snake_salamander_fort, uniq_aizul,
          uniq_kirke
Snake:2:  onia_ninara_swampy_vault, layout_chambers, serial_shops,
          nicolae_lakefront_shop, nicolae_triple_integral
Snake:3:  layout_gridlike, special_room, serial_curves, eino_curves_02,
          eino_curves_01, st_stairs_10, hangedman_snake_wide_pillar_pass
Snake:4:  grunt_snake_rune_serpentine_throne, layout_cave_town, basic_altar,
          st_stairs_11, grunt_megastairs_5, minmay_shop_grove,
          serial_bayou_shore_b, uniq_mara
Orc:1:    layout_diamond_mine, serial_shops, shop_scrolls
Orc:2:    grunt_orc_cross, layout_caves, basic_altar, uniq_azrael
Elf:1:    minmay_elf_arrival_circle, layout_geoelf_octagon, minmay_elf_sorcery,
          drop_trap, minivault_11, amcnicky_mini_pool_small
Elf:2:    nicolae_elf_blades_crystal_corner, layout_gridlike
Elf:3:    nooodl_elf_gasket, layout_loops_corners,
          nicolae_concentric_dashed_squares_wild, minmay_strange_pillars,
          evilmike_spriggan_trog_shrine
Vaults:1: hangedman_vaults_locks, hangedman_vaults_maws, st_lines,
          hangedman_vaults_impose, v_alt_pattern_2, ontoclasm_vaults_fault,
          v_misc_3, v_misc_26, vaults_room_boxed, ontoclasm_vaults_twist,
          grunt_vaults_hallway_long, nicolae_vaults_little_squares_2,
          ontoclasm_vaults_shuriken, layout_vaults_ring
Vaults:2: grunt_vaults_swirl, hangedman_vaults_cutoff, hangedman_vaults_slice,
          ontoclasm_vaults_ligature, nicolae_vaults_mini_display_case,
          vaults_standard_mumra_x, ontoclasm_vaults_bender,
          vaults_room_grunt_arrival_checkpoint, vaults_dpeg_emergency_exit,
          layout_vaults_omnigrid, serial_shops, shop, shop, shop
Vaults:3: minmay_crypt_entry_necro_gods, v_misc_18, hangedman_vaults_hat,
          grunt_vaults_twisty, v_pattern_3, hangedman_vaults_pinch,
          ontoclasm_vaults_ring_large, nicolae_vaults_three_branches,
          layout_vaults_big_room
Vaults:4: vaults_room_hangedman_quadrants, vaults_room_ringed_pool,
          hangedman_vaults_maws, hangedman_vaults_trim, vaults_dpeg_cross,
          nicolae_vaults_stairing_the_circle, ontoclasm_vaults_hangar,
          grunt_vaults_hallway_long, v_misc_32, hangedman_vaults_river_flow,
          nicolae_vaults_rhombus_6, grunt_vaults_hallway_short, v_alt_pattern_4,
          ontoclasm_vaults_eye, v_misc_13, layout_vaults_omnibox, serial_shops,
          shop
Vaults:5: serial_shops
Depths:1: layout_cave_pools, serial_shops, nicolae_shop_overgrown_old_shop,
          serial_glass, glass_columns_c, glass_columns_a, hell_entry,
          fedhas_altar_4, kennysheep_four_rooms
Depths:2: evilmike_cross, layout_cave_shapes, abyss_entry, hell_entry,
          pan_entry, hangedman_abyss_or_decor_stabs, nicolae_titane,
          serial_bayou_shore_b, kennysheep_random_hallway
Depths:3: evilmike_horseshoe, layout_gridlike, enter_ziggurat_d, abyss_entry,
          pf_coc_iceberg, corexii_leaking_fountain,
          infiniplex_staircase_trident, firewood_loft
Depths:4: lemuel_castle_with_subvaults [lemuel_castle_interior_carwin_1],
          layout_honeycomb, pan_entry, led_sif_pool, abyss_entry, hell_entry,
          uniq_jory, uniq_saint_roka

Skill      XL: |  1  2  3  4  5  6  7  8  9 10 11 12 13 14 15 16 17 18 19 20 21 22 23 24 25 |
---------------+----------------------------------------------------------------------------+-----
Fighting       | 4 5 6 7 9 10 11 12 13 14 15 16 17 18 19 20 21 22 | 22.0
Polearms       | 4 5 |  5.0
Dodging        | 4 5 6 7 9 10 11 12 13 14 15 16 17 18 19 20 | 20.8
Ranged Weapons | 4 6 7 9 10 11 12 13 14 15 16 17 18 19 20 | 20.7
Invocations    | 3 7 10 12 14 16 17 19 20 21 22 24 25 26 27 | 27.0
Stealth        | |  2.0

Action                   |  1- 3 |  4- 6 |  7- 9 | 10-12 | 13-15 | 16-18 | 19-21 | 22-24 | 25-27 || total
-------------------------+-------+-------+-------+-------+-------+-------+-------+-------+-------++-------
Melee: Spear             |   116 |   298 |   330 |       |       |       |       |       |       ||   744
       Punch             |     1 |     2 |       |       |       |       |       |       |       ||     3
       Arbalest          |       |       |       |       |       |     1 |       |       |       ||     1
 Fire: Sling             |       |    34 |    42 |       |       |       |       |       |       ||    76
       Arbalest          |       |       |   198 |   547 |  1006 |  1200 |   965 |  1097 |   225 ||  5238
Throw: Boomerang         |       |    50 |    33 |       |       |       |       |       |       ||    83
       Throwing net      |       |     1 |       |       |       |       |       |       |       ||     1
Invok: Purification      |       |       |       |     1 |       |     2 |       |       |       ||     3
       Heal Other        |       |       |       |       |    13 |     9 |     4 |    18 |       ||    44
       Heal Self         |       |       |       |       |     1 |     7 |     4 |     2 |     1 ||    15
       Divine Vigour     |       |       |       |       |       |     1 |     5 |     2 |     1 ||     9
Evoke: Wand              |       |       |     2 |     2 |     1 |     1 |       |       |       ||     6
       Phantom mirror    |       |       |       |       |       |       |     1 |       |       ||     1
  Use: Scroll            |       |    16 |     9 |    11 |     3 |     6 |     4 |     6 |    11 ||    66
       Potion            |       |     4 |       |     4 |     4 |     5 |     1 |       |     8 ||    26
 Stab: Sleeping          |    11 |    10 |     1 |       |       |       |       |       |       ||    22
Armor: Robe              |    19 |    55 |    34 |       |       |   138 |    39 |    85 |    12 ||   382
       Leather armour    |       |       |    92 |       |       |       |       |       |       ||    92
       Steam dragon scal |       |       |       |   147 |   216 |       |       |       |       ||   363
       Troll leather arm |       |       |       |       |    68 |    40 |       |       |       ||   108
Dodge: Dodged            |    49 |   204 |   407 |   555 |  1016 |  1011 |   529 |   885 |   198 ||  4854
